 Dungeon Crawl Stone Soup version 0.23.0 (webtiles) character file.

Game seed: 13986188854256175118

807 Masnef the Sneak (level 7, -2/38 HPs)
             Began as a Tengu Enchanter on Feb 16, 2019.
             Was an Initiate of Vehumet.
             Slain by an ogre
             ... wielding a +0 giant club
              (22 damage)
             ... on level 6 of the Dungeon.
             The game lasted 00:18:17 (8021 turns).

Masnef the Sneak (Tengu Enchanter)                  Turns: 8021, Time: 00:18:17

Health: -2/38      AC:  3    Str:  9    XL:     7   Next: 92%
Magic:  1/12       EV: 15    Int: 17    God:    Vehumet [......]
Gold:   127        SH:  0    Dex: 14    Spells: 4/12 levels left

rFire    . . .     SeeInvis .   a - +2 dagger
rCold    . . .     Gourm    .   (no shield)
rNeg     . . .     Faith    .   b - +0 robe
rPois    .         Spirit   .   (helmet restricted)
rElec    .         Reflect  .   (no cloak)
rCorr    .         Harm     .   s - +0 pair of gloves
MR       .....                  (boots unavailable)
Stlth    +++.......             (no amulet)
HPRegen  0.12/turn              q - +4 ring of slaying
MPRegen  0.13/turn              (no ring)

@: flying quickly and evasively, quick
A: beak, talons 3, able to fly
a: Stop Flying, Renounce Religion


You were on level 6 of the Dungeon.
You worshipped Vehumet.
Vehumet was noncommittal.
You were hungry.

You visited 2 branches of the dungeon, and saw 7 of its levels.
You also visited: Sewer.

You collected 283 gold pieces.
You spent 156 gold pieces at shops.

Inventory:

Hand Weapons
 a - a +2 dagger (weapon)
Armour
 b - a +0 robe (worn)
 f - a +2 large shield
 s - a +0 pair of gloves (worn)
Jewellery
 q - a +4 ring of slaying (left hand)
 A - a +4 ring of intelligence {unknown}
Wands
 y - a wand of random effects (8)
Scrolls
 e - a scroll of identify
 j - 2 scrolls of teleportation
 k - a scroll of amnesia
 l - 4 scrolls of fear
 n - a scroll of noise {unknown}
 p - 4 scrolls of remove curse
 r - a scroll of fog
Potions
 c - 2 potions of agility
 g - 6 potions of curing
 h - 5 potions of haste
 i - 3 potions of might
 m - 3 potions of brilliance {unknown}
 o - 2 potions of resistance {unknown}
 t - 4 potions of flight
 u - a potion of invisibility {unknown}
 v - 2 potions of magic {unknown}
 x - 4 potions of heal wounds
 z - a potion of ambrosia {unknown}
Comestibles
 d - 9 rations


   Skills:
 * Level 1.1 Fighting
 + Level 2.5 Short Blades
 + Level 2.7 Dodging
 + Level 5.3 Stealth
 + Level 3.1 Spellcasting
 * Level 2.5 Conjurations
 - Level 4.0 Hexes
 - Level 3.1 Ice Magic


You had 4 spell levels left.
You knew the following spells:

 Your Spells              Type           Power        Failure   Level  Hunger
b - Ensorcelled Hibernat  Hex/Ice        ##....       6%          2    ##.....
c - Confuse               Hex            ###.....     10%         3    ###....
d - Dazzling Spray        Conj/Hex       ##....       14%         3    ###....

Your spell library contained the following spells:

 Spells                   Type           Power        Failure   Level  Hunger
 Corona                   Hex            ###....      3%          1    None
 Tukima's Dance           Hex            ###.....     10%         3    ###....


Dungeon Overview and Level Annotations

Branches:
Dungeon (6/15)             Temple (1/1) D:6

Altars:
Ashenzari
Gozag
Kikubaaqudgha
Makhleb
Nemelex Xobeh
Okawaru
Qazlal
Sif Muna
Uskayaw
Vehumet
Xom
Zin
The Shining One

Shops:
D:4 !:

Annotations:
D:6 PeterQ's ghost, novice GnMo


Innate Abilities, Weirdness & Mutations

You have a beak for a mouth.
You have claws for feet.
You can fly continuously.


Message History

Aiming: Ensorcelled Hibernation (safe; 6% risk of failure)
Press: ? - help, Shift-Dir - straight line, f/p - ogre
Aim: an ogre, wielding a +0 giant club (chance to defeat MR: 45%)
The ogre resists with some effort.
Casting: Ensorcelled Hibernation (safe; 6% risk of failure)
Confirm with . or Enter, or press ? or * to list all spells.
Aiming: Confuse (safe; 10% risk of failure)
Press: ? - help, Shift-Dir - straight line, f/p - ogre
Aim: an ogre, wielding a +0 giant club (chance to defeat MR: 47%)
The ogre resists with some effort.
The ogre hits you with a +0 giant club!!
Casting: Confuse (safe; 10% risk of failure)
Confirm with . or Enter, or press ? or * to list all spells.
Aiming: Ensorcelled Hibernation (safe; 6% risk of failure)
Press: ? - help, Shift-Dir - straight line, f/p - ogre
Aim: an ogre, wielding a +0 giant club (chance to defeat MR: 45%)
The ogre resists with some effort.
The ogre hits you with a +0 giant club!!
Ouch! That really hurt!
You die...

......#
#.........%.......>..##
......#
#.....................#
......#
#.......##.....##......
......# #.......##.....
#...... ......#
#.......#...... #....##
......# #######..#......
#....## ......#
#.....#..##..... #.....#
......####.....#####....
#.....#
.........#.....#@O......
#.....#
......##.+..>..'........
#.....# ......#
#.....#..##...# #.##.##
......# #.....#..#
######.##.#. .)....#
#.....#..## #.......#(
......# ###'###...#
#.......#. ..>...#
#........# #.......#.
......# #........#
#.......#( ##....#
#.......## ##......##


You could see an ogre.

Vanquished Creatures
  A sky beast (D:6)
  3 big kobolds (Sewer)
  Blork the orc (D:4)
  An orc wizard (D:4)
  2 worker ants
  8 adders
  2 river rats (Sewer)
  7 gnolls (D:3)
  A howler monkey skeleton (D:4)
  6 oozes
  An adder zombie (D:5)
  7 worms
  4 dart slugs
  5 leopard geckos
  11 orcs
  4 ball pythons
  10 bats
  11 giant cockroaches
  10 goblins
  5 hobgoblins
  12 jackals
  3 quokkas
  A frilled lizard (D:1)
  15 kobolds
  A leopard gecko skeleton (D:5)
  A quokka skeleton (D:4)
  9 rats
142 creatures vanquished.

Notes
Turn   | Place    | Note
-------+----------+-------------------------------------------
     0 | D:1      | Masnef the Tengu Enchanter began the quest for the Orb.
     0 | D:1      | Reached XP level 1. HP: 10/10 MP: 4/4
   180 | D:1      | Reached XP level 2. HP: 8/15 MP: 6/6
   187 | D:1      | Learned a level 2 spell: Ensorcelled Hibernation
   399 | D:1      | Reached XP level 3. HP: 11/19 MP: 2/7
   539 | D:1      | Reached skill level 1 in Ice Magic
  1977 | D:2      | Learned a level 3 spell: Confuse
  2004 | D:2      | Reached XP level 4. HP: 22/24 MP: 4/8
  2513 | D:2      | Found a stormy altar of Qazlal.
  2960 | D:2      | Found an iron altar of Okawaru.
  3202 | D:3      | Gained mutation: You can fly continuously. [Tengu growth]
  3202 | D:3      | Reached XP level 5. HP: 26/28 MP: 9/9
  3658 | D:3      | Reached skill level 4 in Stealth
  4436 | D:4      | Reached XP level 6. HP: 16/32 MP: 4/10
  4673 | D:4      | Learned a level 3 spell: Dazzling Spray
  4708 | D:4      | Noticed Blork the orc
  4956 | D:4      | Found Sionisat's Distillery.
  4974 | D:4      | Killed Blork the orc
  5016 | D:4      | Found Tunoclot's Book Shop.
  5038 | D:4      | Reached skill level 1 in Conjurations
  5353 | D:4      | Found Aruxics's Distillery.
  5363 | D:4      | Bought a potion of heal wounds for 60 gold pieces
  5363 | D:4      | Bought a potion of curing for 36 gold pieces
  5363 | D:4      | Bought a potion of heal wounds for 60 gold pieces
  5476 | D:5      | Entered Level 5 of the Dungeon
  5543 | D:5      | Found a glowing drain.
  5570 | Sewer    | Entered a sewer
  5755 | Sewer    | Reached skill level 5 in Stealth
  5755 | Sewer    | Reached XP level 7. HP: 25/37 MP: 0/11
  6553 | D:5      | Found an opulent altar of Gozag.
  6987 | D:6      | Reached skill level 1 in Fighting
  7191 | D:6      | Found a runed translucent gate.
  7191 | D:6      | Found a runed translucent gate.
  7191 | D:6      | Found a runed translucent gate.
  7191 | D:6      | Noticed PeterQ's ghost (novice GnMo)
  7931 | D:6      | Found a staircase to the Ecumenical Temple.
  7938 | Temple   | Entered the Ecumenical Temple
  7991 | Temple   | Became a worshipper of Vehumet
  8021 | D:6      | Slain by an ogre

Skill      XL: |  1  2  3  4  5  6  7 |
---------------+----------------------+-----
Ice Magic      | 1 2 3 |  3.1
Hexes          | 3 4 |  4.0
Stealth        | 4 5 |  5.3
Short Blades   | 2 |  2.5
Conjurations   | 1 2 |  2.5
Fighting       | 1 |  1.1
Spellcasting   | 3 |  3.1
Dodging        | |  2.7

Action                   |  1- 3 |  4- 6 |  7- 9 || total
-------------------------+-------+-------+-------++-------
Melee: Dagger            |    96 |   161 |    83 ||   340
       Kick              |    22 |    31 |    16 ||    69
       Peck              |    10 |    15 |     5 ||    30
 Cast: Ensorcelled Hiber |    12 |    21 |    17 ||    50
       Confuse           |       |     7 |    10 ||    17
       Dazzling Spray    |       |     2 |     1 ||     3
       Corona            |       |     1 |     2 ||     3
 Abil: Fly               |       |     1 |       ||     1
Evoke: Wand              |       |       |     2 ||     2
  Use: Scroll            |       |     5 |     8 ||    13
 Stab: Sleeping          |    11 |    33 |    11 ||    55
       Confused          |       |     3 |     2 ||     5
  Eat: Chunk             |     3 |    12 |     5 ||    20
       Ration            |       |     1 |     1 ||     2
Armor: Robe              |    11 |    12 |    10 ||    33
Dodge: Dodged            |    60 |    88 |    58 ||   206
